 Dungeon Crawl Stone Soup version 0.28.0 (webtiles) character file.

Game seed: 14990187206952406927

401 Ablot the Grasshopper (level 6, 0/51 HPs)
             Began as a Gnoll Warper on Feb 15, 2022.
             Slain by an iguana (10 damage)
             ... on level 4 of the Dungeon.
             The game lasted 00:09:04 (4378 turns).

Ablot the Grasshopper (Gnoll Warper)                Turns: 4378, Time: 00:09:05

Health: 0/51       AC:  4    Str: 12    XL:     6   Next: 85%
Magic:  14/14      EV: 13    Int: 13    God:
Gold:   159        SH:  0    Dex: 11    Spells: 13/15 levels left

rFire   . . .      SeeInvis .   a - +0 trident
rCold   . . .      Faith    .   (no shield)
rNeg    . . .      Spirit   .   b - +0 leather armour
rPois   +          Reflect  .   (no helmet)
rElec   .          Harm     .   o - +0 cloak
rCorr   .          Rampage  .   (no gloves)
Will    .....                   (no boots)
Stlth   ++........              (no amulet)
HPRegen 0.17/turn               l - ring of poison resistance
MPRegen 0.14/turn               (no ring)

@: no status effects
A: fangs 1, strong nose, distributed training
a: no special abilities


You were on level 4 of the Dungeon.
You visited 2 branches of the dungeon, and saw 5 of its levels.

You collected 159 gold pieces.

Inventory:

Hand Weapons
 a - a +0 trident (weapon)
Missiles
 d - 5 boomerangs of dispersal
 f - 80 stones
 h - 3 poisoned darts (quivered)
 m - 58 arrows
Armour
 b - a +0 leather armour (worn)
 o - a +0 cloak (worn)
 t - an orb of light
Magical Staves
 e - a staff of cold
Jewellery
 l - a ring of poison resistance (left hand)
Wands
 r - a wand of flame (14)
Scrolls
 c - a scroll of blinking
 k - 2 scrolls of fog {unknown}
 n - 2 scrolls of identify {unknown}
 p - 2 scrolls of enchant armour {unknown}
 q - a scroll of fear {unknown}
 s - a scroll of noise {unknown}
 u - 3 scrolls of magic mapping {unknown}
Potions
 g - a potion of haste {unknown}
 i - a potion of lignification {unknown}
 j - a potion of ambrosia {unknown}
 v - a potion of attraction {unknown}


   Skills:
 + Level 5.0 Fighting
 + Level 2.1 Short Blades
 + Level 2.1 Long Blades
 + Level 2.1 Axes
 + Level 2.1 Maces & Flails
 + Level 5.0 Polearms
 + Level 2.1 Staves
 + Level 2.1 Slings
 + Level 2.1 Bows
 + Level 2.1 Crossbows
 + Level 3.3 Throwing
 + Level 3.3 Armour
 + Level 5.0 Dodging
 + Level 2.1 Stealth
 + Level 2.1 Shields
 + Level 2.1 Unarmed Combat
 + Level 5.4 Spellcasting
 + Level 1.7 Conjurations
 + Level 1.7 Hexes
 + Level 1.7 Summonings
 + Level 1.7 Necromancy
 + Level 5.7 Translocations
 + Level 1.7 Transmutations
 + Level 1.7 Fire Magic
 + Level 1.7 Ice Magic
 + Level 1.7 Air Magic
 + Level 1.7 Earth Magic
 + Level 1.7 Poison Magic
 + Level 2.3 Invocations
 + Level 2.1 Evocations


You had 13 spell levels left.
You knew the following spells:

 Your Spells              Type           Power      Damage    Failure   Level
a - Blink                 Tloc           36%        N/A       3%          2

Your spell library contained the following spells:

 Spells                   Type           Power      Damage    Failure   Level
 Gell's Gravitas          Tloc           18%        N/A       6%          3
 Lesser Beckoning         Tloc           18%        N/A       6%          3
 Teleport Other           Tloc           18%        N/A       6%          3
 Foxfire                  Conj/Fire      32%        2x1d5     11%         1
 Static Discharge         Conj/Air       8%         N/A       17%         2
 Conjure Flame            Conj/Fire      8%         6-21      32%         3
 Inner Flame              Hex/Fire       8%         N/A       32%         3
 Manifold Assault         Tloc           18%        N/A       52%         5
 Flame Wave               Conj/Fire      8%         2d5       73%         4
 Lightning Bolt           Conj/Air       4%         1d15      97%         5
 Maxwell's Capacitive Co  Air            4%         ∞         100%        8


Dungeon Overview and Level Annotations

Branches:
Dungeon (4/15)             Temple (1/1) D:4

Altars:
Ashenzari
Cheibriados
Dithmenos
Elyvilon
Fedhas
Gozag
Hepliaklqana
Makhleb
Nemelex Xobeh
Qazlal
Ru
Sif Muna
Trog
Uskayaw
Vehumet
Wu Jian
Xom
Yredelemnul
The Shining One


Innate Abilities, Weirdness & Mutations

You have very sharp teeth.
Your uncanny sense of smell can sniff out nearby items.
Your experience applies equally to all skills.


Message History

The ufetubus hits you but does no damage.
You miss the ufetubus.
The ufetubus is severely wounded.
The ufetubus hits you. The ufetubus closely misses you.
The iguana closely misses you.
You closely miss the ufetubus.
The ufetubus is severely wounded.
The ufetubus misses you. The ufetubus barely misses you.
The iguana barely misses you. The ufetubus completely misses you.
The ufetubus hits you.
You closely miss the ufetubus. Your bite misses the ufetubus.
The ufetubus is severely wounded.
The ufetubus barely misses you. The ufetubus closely misses you.
The iguana barely misses you.
You hit the ufetubus.
You kill the ufetubus!
The iguana closely misses you.
Unknown command.
You hit the iguana. You bite the iguana, but do no damage.
The iguana is lightly wounded.
The iguana bites you!
You hit the iguana but do no damage.
The iguana is lightly wounded.
The iguana bites you but does no damage.
You closely miss the iguana.
The iguana is lightly wounded.
The iguana misses you.
You hit the iguana but do no damage. Your bite misses the iguana.
The iguana is lightly wounded.
The iguana bites you!
* * * LOW HITPOINT WARNING * * *
Unknown command.
You closely miss the iguana.
The iguana is lightly wounded.
The iguana misses you.
Unknown command.
You hit the iguana.
The iguana is moderately wounded.
The iguana bites you!
You die...

#####..######## #.#.###
#.....[# #....5##
#..##..## ###.#.§. ## .
#.## #5#### #...####.#
#.# #........## #.####
######....#####
#####.....
###.##....l######......#
.......>..@.............#
##.[.#######..........###
#... ...>....##......#
#### ##############....
###


You could see an iguana.

Vanquished Creatures
  A phantom (D:4)
  A bullfrog (D:4)
  A hound (D:4)
  7 gnolls
  9 adders
  An ufetubus (D:4)
  An adder skeleton (D:4)
  A worm (D:2)
  A dart slug (D:2)
  An orc (D:4)
  6 ball pythons
  5 endoplasms
  2 giant cockroaches
  5 goblins
  5 hobgoblins
  5 kobolds
  2 quokkas (D:1)
  8 bats
  2 frilled lizards
  9 rats
73 creatures vanquished.

Notes
Turn   | Place    | Note
-------+----------+-------------------------------------------
     0 | D:1      | Ablot the Gnoll Warper began the quest for the Orb.
     0 | D:1      | Reached XP level 1. HP: 20/20 MP: 6/6
   249 | D:1      | Reached XP level 2. HP: 16/26 MP: 7/7
   252 | D:1      | Learned a level 2 spell: Blink
  1057 | D:1      | You fall into a shaft and drop 1 floor!
  1073 | D:2      | Reached XP level 3. HP: 27/31 MP: 9/9
  1079 | D:2      | Reached skill level 5 in Spellcasting
  1701 | D:2      | Found a faded altar of an unknown god.
  1818 | D:2      | Reached skill level 1 in Invocations
  1901 | D:2      | Reached skill level 1 in Short Blades
  1901 | D:2      | Reached skill level 1 in Long Blades
  1901 | D:2      | Reached skill level 1 in Axes
  1901 | D:2      | Reached skill level 1 in Maces & Flails
  1901 | D:2      | Reached skill level 1 in Staves
  1901 | D:2      | Reached skill level 1 in Slings
  1901 | D:2      | Reached skill level 1 in Bows
  1901 | D:2      | Reached skill level 1 in Crossbows
  1901 | D:2      | Reached skill level 1 in Stealth
  1901 | D:2      | Reached skill level 1 in Shields
  1901 | D:2      | Reached skill level 1 in Unarmed Combat
  1901 | D:2      | Reached skill level 1 in Evocations
  2347 | D:3      | Reached XP level 4. HP: 38/38 MP: 11/11
  2758 | D:3      | Reached skill level 1 in Conjurations
  2758 | D:3      | Reached skill level 1 in Hexes
  2758 | D:3      | Reached skill level 1 in Summonings
  2758 | D:3      | Reached skill level 1 in Necromancy
  2758 | D:3      | Reached skill level 1 in Transmutations
  2758 | D:3      | Reached skill level 1 in Fire Magic
  2758 | D:3      | Reached skill level 1 in Ice Magic
  2758 | D:3      | Reached skill level 1 in Air Magic
  2758 | D:3      | Reached skill level 1 in Earth Magic
  2758 | D:3      | Reached skill level 1 in Poison Magic
  2973 | D:3      | Reached XP level 5. HP: 41/43 MP: 12/12
  3608 | D:4      | Reached XP level 6. HP: 32/50 MP: 13/13
  3757 | D:4      | Noticed a black bear
  3851 | D:4      | Found a staircase to the Ecumenical Temple.
  3865 | Temple   | Entered the Ecumenical Temple
  4159 | D:4      | Reached skill level 5 in Fighting
  4159 | D:4      | Reached skill level 5 in Polearms
  4159 | D:4      | Reached skill level 5 in Dodging
  4378 | D:4      | Slain by an iguana

Illustrated notes

Levels and vault maps discovered:
D:1:      tarquinn_simple_flora_water_e, layout_loops_cross, nrook_loot_triangle
D:2:      layout_loops_cross, shapermc_ecumenical_altar_totnotflames
D:3:      layout_basic, hangedman_decor_clover_reticule, nicolae_grassy_gnolls
D:4:      layout_rooms, minmay_temple_entry_glassed_door,
          hangedman_decor_points, minmay_vboxes
Temple:   mainiacjoe_temple_bowtie_tessellation

Skill      XL: |  1  2  3  4  5  6 |
---------------+-------------------+-----
Spellcasting   | 5 |  5.4
Invocations    | 1 2 |  2.3
Short Blades   | 1 2 |  2.1
Long Blades    | 1 2 |  2.1
Axes           | 1 2 |  2.1
Maces & Flails | 1 2 |  2.1
Staves         | 1 2 |  2.1
Slings         | 1 2 |  2.1
Bows           | 1 2 |  2.1
Crossbows      | 1 2 |  2.1
Stealth        | 1 2 |  2.1
Shields        | 1 2 |  2.1
Unarmed Combat | 1 2 |  2.1
Evocations     | 1 2 |  2.1
Conjurations   | 1 |  1.7
Hexes          | 1 |  1.7
Summonings     | 1 |  1.7
Necromancy     | 1 |  1.7
Transmutations | 1 |  1.7
Fire Magic     | 1 |  1.7
Ice Magic      | 1 |  1.7
Air Magic      | 1 |  1.7
Earth Magic    | 1 |  1.7
Poison Magic   | 1 |  1.7
Throwing       | 3 |  3.3
Armour         | 3 |  3.3
Fighting       | 5 |  5.0
Polearms       | 5 |  5.0
Dodging        | 5 |  5.0
Translocations | |  5.7

Action                   |  1- 3 |  4- 6 || total
-------------------------+-------+-------++-------
Melee: Spear             |   153 |       ||   153
       Bite              |    15 |    12 ||    27
       Punch             |     2 |     2 ||     4
       Trident           |    16 |   159 ||   175
Throw: Dart              |       |     2 ||     2
 Cast: Blink             |       |     1 ||     1
 Stab: Sleeping          |     5 |     2 ||     7
       Distracted        |       |     1 ||     1
Armor: Leather armour    |    24 |    30 ||    54
Dodge: Dodged            |    81 |    97 ||   178
